 Dungeon Crawl Stone Soup version 0.22-a0-110-g5b255cf (webtiles) character file.

2 nono the Chucker (level 1, 0/11 HPs)
             Began as a Vine Stalker Hunter on Jan 27, 2018.
             Slain by a leopard gecko (3 damage)
             ... on level 1 of the Dungeon.
             The game lasted 00:00:53 (144 turns).

nono the Chucker (Vine Stalker Hunter)               Turns: 144, Time: 00:00:54

Health: 0/11       AC:  3    Str: 14    XL:     1   Next: 40%
Magic:  0/2        EV: 12    Int: 11    God:
Gold:   0          SH:  0    Dex: 14    Spells: 0/0 levels left

rFire    . . .     SeeInvis .   a - +0 short sword
rCold    . . .     Gourm    .   (no shield)
rNeg     . . .     Faith    .   b - +0 leather armour
rPois    .         Spirit   +   (no helmet)
rElec    .         Reflect  .   (no cloak)
rCorr    .         Harm     .   (no gloves)
MR       .....                  (no boots)
Stlth    ++........             (no amulet)
HPRegen  0.03/turn              (no ring)
MPRegen  0.08/turn              (no ring)

@: no status effects
A: fangs 2, magic shield, antimagic bite, no potion heal 3, rot immunity
a: no special abilities


You were on level 1 of the Dungeon.
You were not hungry.

You visited 1 branch of the dungeon, and saw 1 of its levels.

Inventory:

Hand Weapons
 a - a +0 short sword (weapon)
Missiles
 c - 6 javelins (quivered)
 d - 2 throwing nets
Armour
 b - a +0 leather armour (worn)
Scrolls
 e - a scroll of amnesia {unknown}
Potions
 g - a potion of heal wounds {unknown}
Comestibles
 f - 2 rations


   Skills:
 + Level 1.8 Fighting
 - Level 3.6 Throwing
 + Level 0.2 Armour
 + Level 1.6 Dodging
 - Level 1.2 Stealth


You couldn't memorise any spells.
You didn't know any spells.

Dungeon Overview and Level Annotations

Branches:
Dungeon (1/15)

Altars:


Innate Abilities, Weirdness & Mutations

You have extremely sharp teeth.
When hurt, damage is shared between your health and your magic reserves.
Your bite disrupts and absorbs the magic of your enemies.
Potions cannot restore your health.
You are immune to rotting.


Message History

There is a stone staircase leading down here.
A leopard gecko comes into view.
The leopard gecko hisses angrily.
The leopard gecko bites you but does no damage.
You closely miss the leopard gecko. Your bite misses the leopard gecko.
The leopard gecko hisses menacingly.
The leopard gecko bites you.
You closely miss the leopard gecko. The leopard gecko barely misses you.
You closely miss the leopard gecko. The leopard gecko bites you. x2
* * * LOW HITPOINT WARNING * * *
You hit the leopard gecko.
The leopard gecko is severely wounded.
The leopard gecko bites you but does no damage.
You miss the leopard gecko.
The leopard gecko is severely wounded.
The leopard gecko barely misses you.
You closely miss the leopard gecko.
The leopard gecko is severely wounded.
The leopard gecko barely misses you. The leopard gecko bites you.
You die...

# ## .# #.##.# .# #
#.#...##.##.##
##......#........#.#
........l.##.# #.#.#
#.....@.....# #.#.#
#........######.#.###
.####.#...............
...................#
#######.#.#####....####
#.#.#.....>.....#
#.#.#...#..####.#
#.#.#.P....# ##.##
#...#...P..# #...#


You could see a leopard gecko.

Vanquished Creatures
  A goblin (D:1)
  A kobold (D:1)
2 creatures vanquished.

Notes
Turn   | Place    | Note
-------+----------+-------------------------------------------
     0 | D:1      | nono the Vine Stalker Hunter began the quest for the Orb.
     0 | D:1      | Reached XP level 1. HP: 11/11 MP: 2/2
   144 | D:1      | Slain by a leopard gecko

Vault maps used:
D:1:      ncdulo_wetmaze, serial_forest, infiniplex_forest_clump_double,
          infiniplex_forest_join, infiniplex_forest_clump_curved,
          infiniplex_forest_corner_1, infiniplex_forest_zigzag_1,
          infiniplex_forest_straight_5, infiniplex_forest_end_3,
          infiniplex_forest_straight_3, roderic_lattice_a

Action                   || total
-------------------------++-------
Melee: Short sword       ||    10
       Bite              ||     1
Armor: Leather armour    ||     2
Dodge: Dodged            ||     4

Table legend:
 A = Spawn XP
 B = Non-spawn XP
 C = Spawn XP percentage of total XP
 D = Spawn monster count
 E = Non-spawn monster count
 F = Spawn count percentage of total count
 G = Total turns spent on level
                    A         B        C        D         E        F      G
               +---------+---------+-------+---------+---------+-------+---------
         Total |       0 |       4 |   0.0 |       0 |       2 |   0.0 |   144
               +---------+---------+-------+---------+---------+-------+---------
           D:1 |       0 |       4 |   0.0 |       0 |       2 |   0.0 |   144
               +---------+---------+-------+---------+---------+-------+---------
